Map: Dusty Gorge

Players

Adversity - Winner!

  • Race: Terran Terran
  • Spawn Location: 9:00

TheWarrior - Winner!

  • Race: Zerg Zerg
  • League: Diamond
  • Spawn Location: 11:00

IIIIIIIIIIII

  • Race: Zerg Zerg
  • League: Diamond
  • Spawn Location: 3:00

Starlight

  • Race: Zerg Zerg
  • Spawn Location: 5:00

VOD

Have the link to the VOD?

Description

Time

  • Played on: Oct. 10, 2018, 6:45 p.m.
  • Length: 4:31
Show
View Real Time Build Order
Export as new Build Order

Adversity Terran - Winner!

Build Orders:  

Get SALT Encoding   

  12  0:01  SCV  
  13  0:13  SCV  
  14  0:18  Supply Depot  
  14  0:25  SCV  
  15  0:30  Refinery  
  15  0:40  SCV  
  16  0:46  Barracks  
  16  0:52  SCV  
  17  1:05  Barracks  
  17  1:21  Barracks  
  17  1:24  SCV  
  18  1:35  Reaper  
  19  1:42  Orbital Command  
  19  1:50  Refinery  
  19  1:53  Reaper  
  20  1:59  Supply Depot  
  20  2:08  Reaper  
  20  2:10  Reaper  
  22  2:17  SCV  
  23  2:36  Reaper  
  24  2:42  Barracks, Reaper  
  24  2:43  Barracks  
  25  2:47  Reaper  
  26  2:57  Supply Depot  
  26  2:58  SCV  
  27  3:12  Reaper  
  28  3:15  SCV  
  29  3:21  Reaper  
  29  3:22  Reaper  
  30  3:36  Reaper  
  30  3:37  Reaper  
  32  3:42  Supply Depot  
  32  4:08  Command Center  
  32  4:12  Supply Depot  
  32  4:16  Supply Depot  
Show
View Real Time Build Order
Export as new Build Order

TheWarrior Zerg - Winner!

Build Orders: Hatch First 

Get SALT Encoding   

  12  0:14  Drone  
  12  0:20  Drone, Overlord  
  14  0:54  Hatchery  
  13  1:03  Spawning Pool  
  12  1:04  Extractor  
  12  1:09  Drone  
  12  1:11  Drone  
  13  1:26  Drone x2  
  15  1:36  Drone  
  16  1:52  Queen  
  16  1:53  Overlord  
  18  2:06  Zergling x4  
  20  2:11  Queen  
  22  2:21  Metabolic Boost  
  22  2:23  Drone  
  22  2:27  Drone  
  24  2:35  Drone  
  25  2:52  Drone x5  
  30  3:02  Roach Warren  
  29  3:08  Zergling x4  
  31  3:22  Zergling x6  
  31  3:23  Zergling x4  
  36  3:37  Overlord x2  
  33  3:56  Zergling x4  
  33  3:57  Zergling x12  
  33  3:59  Zergling x2  
Show
View Real Time Build Order
Export as new Build Order

IIIIIIIIIIII Zerg 

Build Orders: Pool First 

Get SALT Encoding   

  12  0:01  Drone  
  13  0:14  Overlord  
  13  0:19  Drone  
  14  0:33  Drone x2  
  16  0:41  Drone  
  17  0:47  Spawning Pool  
  16  0:50  Extractor  
  16  0:53  Drone  
  16  1:05  Drone  
  17  1:21  Hatchery  
  16  1:34  Queen  
  18  1:41  Overlord  
  18  1:51  Metabolic Boost  
  18  1:58  Zergling x4  
  20  2:04  Drone  
  21  2:10  Queen  
  23  2:16  Zergling x2  
  23  2:43  Drone x3  
  26  2:45  Overlord x2  
  26  2:54  Zergling x4  
  28  3:00  Zergling x2  
  28  3:01  Zergling x2  
  30  3:06  Zergling x2  
  30  3:07  Zergling x2  
  32  3:17  Zergling x2  
  33  3:20  Hatchery  
  33  3:25  Zergling x2  
  33  3:26  Zergling x4  
  35  3:33  Zergling x2  
  38  3:34  Zergling x4  
  37  3:42  Zergling x2  
  37  3:43  Zergling x4  
Show
View Real Time Build Order
Export as new Build Order

Starlight Zerg 

Build Orders: Pool First, Ravager All-In 

Get SALT Encoding   

  12  0:01  Drone  
  13  0:09  Drone  
  14  0:27  Spawning Pool  
  13  0:30  Drone  
  14  0:39  Overlord  
  14  0:42  Extractor  
  14  0:45  Drone  
  14  0:48  Extractor  
  13  0:52  Drone  
  14  1:07  Drone  
  15  1:11  Drone  
  15  1:15  Queen  
  18  1:23  Drone  
  19  1:28  Drone  
  20  1:37  Drone  
  21  1:48  Roach Warren  
  20  1:57  Overlord  
  20  2:05  Drone  
  21  2:28  Roach x4  
  29  2:34  Overlord  
  29  2:54  Ravager x4  
  29  2:57  Roach  
  29  2:58  Drone x2  
  37  3:04  Overlord  
  37  3:18  Ravager  
  38  3:45  Hatchery  
Tags
 
Add a new tag
Caveats
  • Supply blocks, unpowered buildings, or Contaminate may cause inaccurate times.
  • Supply counts are checked every 10 seconds.